 Dungeon Crawl Stone Soup version 0.31.0 (webtiles) character file.

Game seed: 6849827487891996163

228 qw the Shooter (level 6, -16/38 HPs)
             Began as a Gargoyle Hunter on Jan 19, 2024.
             Demolished by an ogre
             ... wielding a +0 giant spiked club
              (22 damage)
             ... on level 5 of the Dungeon.
             The game lasted 00:00:09 (2321 turns).

qw the Shooter (Gargoyle Hunter)                    Turns: 2321, Time: 00:00:10

Health: -16/38     AC: 12    Str: 15    XL:     6   Next: 2%
Magic:  6/6        EV: 11    Int:  9    God:
Gold:   250        SH:  0    Dex: 15    Spells: 5/5 levels left

rFire   . . .        a - +0 shortbow
rCold   . . .        (shield currently unavailable)
rNeg    + . .        j - +0 ring mail
rPois   inf          b - +0 helmet
rElec   +            (no cloak)
rCorr   .            (no gloves)
SInv    .            e - +1 pair of boots {Stlth+}
Will    .....        (no amulet)
Stlth   ++           (no ring)
HPRegen 0.26/turn    (no ring)
MPRegen 0.10/turn

%: no passive effects
@: about to teleport, attractive
A: sickness immunity, AC +4, negative energy resistance 1, electricity
resistance, torment resistance 1, petrification resistance
a: no special abilities


You were on level 5 of the Dungeon.
You visited 1 branch of the dungeon, and saw 5 of its levels.

You collected 250 gold pieces.


Innate Abilities, Weirdness & Mutations

You are immune to sickness and miasma.
Your stone body is resilient. (AC +4)
You are immune to poison.
You resist negative energy. (rN+)
You are resistant to electric shocks. (rElec)
You are resistant to unholy torment.
You are immune to petrification.


   Skills:
 - Level 4.0 Fighting
 + Level 6.1 Ranged Weapons
 - Level 1.2 Armour
 - Level 1.5 Dodging
 - Level 1.1 Stealth


You had 5 spell levels left.
You didn't know any spells.
Your spell library was empty.

Inventory:

Hand Weapons
 a - a +0 shortbow (weapon)
Armour
 b - a +0 helmet (worn)
 e - a +1 pair of boots of stealth (worn)
 j - a +0 ring mail (worn)
Potions
 f - a potion of haste {unknown}

Dungeon Overview and Level Annotations

Branches:
Dungeon (5/15)
 Temple: D:4-7

Altars:
Wu Jian


Message History

2300 ||| READING 2 scrolls labelled YCAUMOC RAGURPH.
As you read the scroll labelled YCAUMOC RAGURPH, it crumbles to dust.
You feel strangely unstable.
It was a scroll of teleportation.
2301 ||| FLEEEEING.
Your surroundings suddenly seem different.
Done exploring.
2303 ||| DRINKING 2 red potions.
It was a potion of attraction.
You feel attractive to monsters.
Done exploring.
2304 ||| DROPPING potion of attraction.
You drop a potion of attraction.
Done exploring.
What level of the Dungeon? (default 4, ? - help)
There is a stone staircase leading down here.
You climb downwards.
The ogre is attracted toward you.
The bombardier beetle is attracted toward you.
Found a glass ring, 15 gold pieces and 6 stones.
Found a stone staircase leading up.
There is a stone staircase leading up here.
There are monsters nearby!
Waypoint 4 assigned to D:5.
You shoot an arrow. The arrow hits the ogre.
The ogre shouts!
The ogre is lightly wounded.
The bombardier beetle is attracted toward you.
You shoot an arrow. The arrow hits the ogre.
The ogre is lightly wounded.
The bombardier beetle bites you but does no damage.
The ogre hits you with a +0 giant spiked club!!
Ouch! That really hurt!
You shoot an arrow. The arrow hits the ogre.
The ogre is moderately wounded.
The bombardier beetle closely misses you.
The ogre hits you with a +0 giant spiked club!
2320 ||| READING scroll of teleportation.
As you read the scroll of teleportation, it crumbles to dust.
You feel strangely unstable.
You shoot an arrow. The arrow hits the ogre.
The ogre is moderately wounded.
The ogre hits you with a +0 giant spiked club!!
Ouch! That really hurt!
You die...

#. #. #. .
#####.######..
##.....<......#
#............##
..............#
......B@......#
.......O..=...#
..............#
..$...........#
#..........(.##
##..........##
############


You could see an ogre and a bombardier beetle.

Vanquished Creatures
  A howler monkey (D:4)
  A hound (D:3)
  An orc wizard (D:4)
  5 adders
  A gnoll (D:1)
  2 dart slugs
  A ribbon worm (D:2)
  8 orcs
  10 ball pythons
  7 endoplasms
  A giant cockroach (D:2)
  4 goblins
  6 hobgoblins
  4 quokkas
  3 frilled lizards
  11 kobolds
  2 rats (D:2)
68 creatures vanquished.

Notes
Turn   | Place    | Note
-------+----------+-------------------------------------------
     0 | D:1      | qw the Gargoyle Hunter began the quest for the Orb.
     0 | D:1      | Reached XP level 1. HP: 12/12 MP: 1/1
     0 | D:1      | 0 ||| qw: Version: 0.3-a-132-g3d54051
     0 | D:1      | 0 ||| qw: Game counter: 187
     0 | D:1      | 0 ||| qw: Melee chars always use a shield: true
     0 | D:1      | 0 ||| qw: God list: Okawaru
     0 | D:1      | 0 ||| qw: Allow faded altars: false
     0 | D:1      | 0 ||| qw: Do Orc after clearing Dungeon:15 true
     0 | D:1      | 0 ||| qw: Do second Lair branch before Depths: true
     0 | D:1      | 0 ||| qw: Lair rune preference: random
     0 | D:1      | 0 ||| qw: Goals: Normal
     0 | D:1      | 0 ||| PLANNING D:1-11
   184 | D:1      | Reached XP level 2. HP: 17/17 MP: 2/2
   294 | D:1      | Reached XP level 3. HP: 17/21 MP: 3/3
   401 | D:1      | Reached skill level 5 in Ranged Weapons
   672 | D:1      | 672 ||| UPGRADING to +0 ring mail.
   682 | D:1      | 682 ||| DROPPING +0 leather armour.
   683 | D:1      | 683 ||| READING scroll labelled KIQ OK LUDYS.
   684 | D:1      | 684 ||| READING scroll labelled FOL YTIENWUADY.
   685 | D:1      | 685 ||| READING 4 scrolls labelled CAPPAL XOXTU.
   786 | D:1      | 786 ||| READING scroll labelled TIZAKK XOTE.
   787 | D:1      | 787 ||| READING scroll labelled JYICUM YZIW.
   787 | D:1      | 787 ||| IDENTIFYING sedimented grey potion
   788 | D:1      | 788 ||| DROPPING scroll of butterflies.
   789 | D:1      | 789 ||| DROPPING potion of lignification.
   790 | D:1      | 790 ||| DROPPING 3 scrolls of vulnerability.
   819 | D:2      | Found an ornate altar of the Wu Jian Council.
   891 | D:2      | Reached skill level 1 in Armour
   992 | D:2      | Reached XP level 4. HP: 27/27 MP: 4/4
   994 | D:2      | Reached skill level 3 in Fighting
  1290 | D:2      | 1290 ||| UPGRADING to +1 pair of boots of stealth.
  1295 | D:2      | 1295 ||| READING scroll of identify.
  1295 | D:2      | 1295 ||| IDENTIFYING sedimented red potion
  1296 | D:2      | 1296 ||| READING scroll labelled TEESKINOHO.
  1457 | D:3      | Found a faded altar of an unknown god.
  1675 | D:3      | 1675 ||| UPGRADING to +0 helmet.
  1708 | D:4      | 1708 ||| STAIRDANCE
  1716 | D:3      | Reached XP level 5. HP: 32/32 MP: 5/5
  1722 | D:4      | 1722 ||| STAIRDANCE
  1724 | D:3      | 1724 ||| FLEEEEING.
  1731 | D:3      | 1731 ||| STAIRDANCE
  1817 | D:4      | 1817 ||| DRINKING potion of curing.
  1817 | D:4      | 1817 ||| (to cure confusion)
  1825 | D:4      | Reached skill level 6 in Ranged Weapons
  1909 | D:4      | Reached XP level 6. HP: 37/38 MP: 6/6
  2300 | D:4      | 2300 ||| READING 2 scrolls labelled YCAUMOC RAGURPH.
  2301 | D:4      | 2301 ||| FLEEEEING.
  2303 | D:4      | 2303 ||| DRINKING 2 red potions.
  2304 | D:4      | 2304 ||| DROPPING potion of attraction.
  2316 | D:5      | Entered Level 5 of the Dungeon
  2319 | D:5      | HP: 5/38 [ogre/+0 giant spiked club (14)]
  2320 | D:5      | 2320 ||| READING scroll of teleportation.
  2321 | D:5      | Demolished by an ogre

Levels and vault maps discovered:
D:1:      ncdulo_watergridlock, layout_loops_ring
D:2:      layout_rooms, basic_altar
D:3:      layout_rooms, hellmonk_ecumenical_altar_defaced_shrine
D:4:      layout_basic, minmay_statues_item
D:5:      layout_rooms, tso_metal_star, guppyfry_early_orc_mine

Skill      XL: |  1  2  3  4  5  6 |
---------------+-------------------+-----
Ranged Weapons | 5 6 |  6.1
Armour         | 1 |  1.2
Fighting       | 3 4 |  4.0
Dodging        | |  1.5
Stealth        | |  1.1

Action                     |  1- 3 |  4- 6 || total
---------------------------+-------+-------++-------
   Fire: Shortbow          |    95 |   128 ||   223
    Use: Scroll            |     5 |     4 ||     9
         Potion            |       |     2 ||     2
 Armour: Leather armour    |    10 |       ||    10
         Ring mail         |    17 |    65 ||    82
  Dodge: Dodged            |    35 |    34 ||    69

Table legend:
 A = Non-vault XP
 B = Vault XP
 C = Vault XP percentage of total XP
 D = Non-vault monster count
 E = Vault monster count
 F = Vault count percentage of total count
                 A         B        C        D         E       F
            +---------+---------+-------+---------+---------+-------
      Total |     320 |       6 |   1.8 |      66 |       2 |   2.9
            +---------+---------+-------+---------+---------+-------
        D:1 |      48 |       0 |   0.0 |      23 |       0 |   0.0
        D:2 |      55 |       0 |   0.0 |      16 |       0 |   0.0
        D:3 |      84 |       6 |   6.7 |      10 |       2 |  16.7
        D:4 |     133 |       0 |   0.0 |      17 |       0 |   0.0
            +---------+---------+-------+---------+---------+-------
